AoeStats
← THL

Yucatan

510461705Analyzed
2v2 RM · 18h ago on Oct 1, 2026· 39m 31s· 4 players
Game mode
Random Map
Map size
Medium (4 player)
Population
200
Speed
Normal
Resources
Standard
Victory
Conquest
Starting age
Dark Age
Ending age
Imperial Age
RankedLock teamsTeams togetherTeam positionsShared explorationLock speedFull tech treeHidden civsTurbo modeCheats
Victory
Defeat
🇻🇳 Khmer · Vietnam
1602
+11
🇸🇪 Britons · Sweden
1507
+14
🇦🇺 Britons · Australia
1490
-13
🇦🇺 Saxons · Australia
1465
-12
TheSonder
4:54 Loom
10:15 Feudal Age
11:59 Town Watch
14:56 Castle Age
14:11 Double-Bit Axe
16:34 Bow Saw
18:25 Horse Collar
19:56 Heavy Plow
21:52 Wheelbarrow
22:27 Gold Mining
22:33 Stone Mining
25:00 Stone Mining
29:26 Imperial Age
27:09 Fletching
28:43 Hand Cart
29:06 Gold Shaft Mining
28:43 Bodkin Arrow
29:50 Ballistics
30:56 Bracer
31:15 Siege Engineers
31:35 Masonry
32:14 Warwolf
32:34 Padded Archer Armor
33:36 Chemistry
33:11 Conscription
32:40 Elite Longbowman
34:03 Leather Archer Armor
34:16 Yeomen
36:13 Ring Archer Armor
THL
10:23 Feudal Age
13:27 Castle Age
12:21 Double-Bit Axe
13:51 Bloodlines
15:11 Bow Saw
15:08 Loom
21:27 Wheelbarrow
27:39 Imperial Age
25:49 Scale Barding Armor
26:15 Forging
27:20 Hand Cart
27:56 Chain Barding Armor
27:30 Horse Collar
28:09 Husbandry
27:40 Cavalier
29:18 Plate Barding Armor
29:14 Heavy Plow
31:01 Gold Mining
32:19 Iron Casting
33:09 Crop Rotation
33:21 Conscription
34:54 Blast Furnace
36:31 Gold Shaft Mining
36:50 Elite Ballista Elephant
37:38 Fletching
38:27 Stone Mining
39:11 Double Crossbow
39:16 Light Cavalry
Kwisatz Haderach
6:12 Loom
9:16 Feudal Age
9:50 Double-Bit Axe
17:38 Castle Age
15:55 Gold Mining
15:57 Stone Mining
15:48 Horse Collar
19:36 Bow Saw
19:35 Scale Mail Armor
23:33 Wheelbarrow
27:38 Heavy Plow
28:18 Gold Shaft Mining
31:36 Imperial Age
29:45 Chain Mail Armor
30:25 Forging
30:45 Squires
30:30 Gambesons
30:32 Arson
31:59 Iron Casting
31:39 Elite Varangian Guard
32:50 Plate Mail Armor
31:55 Shield Wall
33:36 Conscription
38:49 Fletching
Timoisgr8
8:01 Loom
10:55 Feudal Age
15:09 Castle Age
13:31 Double-Bit Axe
14:33 Horse Collar
16:41 Bow Saw
18:05 Heavy Plow
24:00 Wheelbarrow
26:50 Hand Cart
29:27 Imperial Age
28:49 Town Watch
29:36 Yeomen
29:08 Fletching
29:50 Bodkin Arrow
30:02 Padded Archer Armor
31:10 Siege Engineers
33:49 Chemistry
33:11 Ballistics
33:31 Bracer
Connection lost

Rejoining the realm…

Still unreachable

The connection could not be restored.

Session expired

The server has moved on; the page needs a fresh start.